 Dungeon Crawl Stone Soup version 0.28.0-53-g5a82cb258f (webtiles) character file.

Game seed: 4591135899890241249

973 buhh the Changer (level 8, -1/55 HPs)
             Began as an Octopode Transmuter on June 20, 2022.
             Slain by a yak (17 damage)
             ... on level 8 of the Dungeon.
             The game lasted 00:08:15 (5276 turns).

buhh the Changer (Octopode Transmuter)              Turns: 5276, Time: 00:08:16

Health: -1/55      AC:  2    Str: 21    XL:     8   Next: 16%
Magic:  3/11       EV: 19    Int: 17    God:
Gold:   1118       SH:  0    Dex: 18    Spells: 5/11 levels left

rFire   . . .      SeeInvis .     - Unarmed
rCold   + . .      Faith    .   (shield currently unavailable)
rNeg    . . .      Spirit   .   (helmet currently unavailable)
rPois   x          Reflect  .   (no amulet)
rElec   .          Harm     .   j - +6 ring of strength
rCorr   .          Rampage  .   n - ring of protection from cold
Will    .....                   b - +6 ring of strength
Stlth   ++........              (no ring)
HPRegen 0.18/turn               (no ring)
MPRegen 0.12/turn               (no ring)
                                (no ring)
                                (no ring)

@: about to teleport, spider-form (expiring), wereblooded
A: venomous fangs, almost no armour, (amphibious), 8 rings, tiny, (camouflage
1), (gelatinous body 1), (nimble swimmer 1), (tentacles)
a: End Transformation


You were on level 8 of the Dungeon.
You were a venomous arachnid creature.
You visited 1 branch of the dungeon, and saw 7 of its levels.

You collected 1118 gold pieces.

Inventory:

Missiles
 d - 4 poisoned darts
 p - 3 boomerangs of dispersal
 G - 2 javelins
Jewellery
 b - a +6 ring of strength (on tentacle)
 j - a +6 ring of strength (left front leg)
 n - a ring of protection from cold (right front leg)
 o - an amulet of faith {!P}
Wands
 f - a wand of flame (21)
Scrolls
 a - a scroll of blinking {unknown}
 e - a scroll of fear {unknown}
 i - a scroll of holy word {unknown}
 l - a scroll of brand weapon {unknown}
 q - a scroll of noise {unknown}
 s - a scroll of fog {unknown}
Potions
 h - 2 potions of curing {unknown}
 k - a potion of flight {unknown}
 m - a potion of ambrosia {unknown}
 r - a potion of lignification {unknown}
 J - 2 potions of magic {!q!d}
 M - 2 potions of heal wounds {!q!d}
 V - a potion of cancellation {!q!d}


   Skills:
 - Level 5.0 Fighting
 - Level 2.0 Dodging
 - Level 1.0 Stealth
 - Level 3.0 Unarmed Combat
 - Level 2.0 Spellcasting
 * Level 7.8 Transmutations
 - Level 1.0 Poison Magic


You had 5 spell levels left.
You knew the following spells:

 Your Spells              Type           Power      Damage    Failure   Level
a - Beastly Appendage     Tmut           56%        N/A       4%          1
b - Wereblood             Tmut           28%        N/A       6%          2
c - Spider Form           Tmut/Pois      16%        N/A       24%         3

Your spell library contained the following spells:

 Spells                   Type           Power      Damage    Failure   Level
 Ice Form                 Ice/Tmut       14%        N/A       58%         4


Dungeon Overview and Level Annotations

Branches:
Dungeon (6/15)
 Temple: D:4-7

Altars:
Makhleb
Uskayaw

Annotations:
D:4 Eustachio
D:5 3 runed translucent doors, exclusion: 3 doors, buhh's ghost, novice OpTm


Innate Abilities, Weirdness & Mutations

You are a venomous arachnid creature.
You have poisonous fangs.
You are tiny and dextrous.
Your spellcasting is less reliable in this form.
Your armour is entirely melded.
You are incapable of wielding weapons or throwing items.
You cannot wear most types of armour.
((You are amphibious.))
You can wear up to eight rings at the same time.
((Your skin changes colour to match your surroundings (Stealth+).))
((Your rubbery body absorbs attacks. (AC +1, EV +1)))
((You are camouflaged when in or above water. (Stealth+)))
((You have tentacles for arms and can constrict up to eight enemies at once.))


Message History

You hiss as the wereblood boils in your veins!
The yak barely misses you.
You hit the yak.
The yak is poisoned.
The yak is lightly wounded.
The yak misses you.
You hit the yak but do no damage.
The yak is lightly wounded.
The yak barely misses you.
You bite the yak!
The yak looks as sick as possible!
The yak is heavily wounded.
Your transformation is almost over.
The yak closely misses you.
Casting: Wereblood (safe; 6% risk of failure)
Confirm with . or Enter, or press ? or * to list all spells.
Okay, then.
Casting: Wereblood (safe; 6% risk of failure)
Confirm with . or Enter, or press ? or * to list all spells.
Your blood is freshly infused with primal strength!
The yak barely misses you.
Casting: Wereblood (safe; 6% risk of failure)
Confirm with . or Enter, or press ? or * to list all spells.
Okay, then.
As you read the scroll of teleportation {!d}, it crumbles to dust.
You feel strangely unstable. The yak misses you.
Casting: Wereblood (safe; 6% risk of failure)
Confirm with . or Enter, or press ? or * to list all spells.
You extend your transformation's duration.
Your transformation is almost over.
The yak completely misses you.
You hit the yak.
The yak looks as sick as possible!
The yak is heavily wounded.
The yak misses you.
You hit the yak.
The yak looks as sick as possible!
The yak is severely wounded.
The yak gores you.
* * * LOW HITPOINT WARNING * * *
You hit the yak.
The yak looks as sick as possible!
The yak is almost dead.
The yak gores you!
You die...

##†.## ##..>.#
###.....#
#.Y.....#
##......##
#Y....### #...###
############...#
##....sYYY.....##
#...######.....#
#..## ###...#
#### ##.## ###


You could see 3 yaks.

Vanquished Creatures
  Prince Ribbit (D:5)
  3 yaks (D:8)
  A scorpion (D:5)
  A gnoll shaman (D:5)
  An iguana (D:5)
  2 hound skeletons (D:5)
  5 gnolls (D:5)
  A howler monkey skeleton (D:3)
  6 adders
  A white imp (D:5)
  An adder skeleton (D:5)
  2 worms
  3 dart slugs (D:4)
  9 ball pythons
  5 endoplasms
  4 giant cockroaches
  6 goblins
  6 hobgoblins
  12 jackals
  8 kobolds
  4 quokkas
  2 bats
  2 frilled lizards
  4 rats
90 creatures vanquished.

Notes
Turn   | Place    | Note
-------+----------+-------------------------------------------
     0 | D:1      | buhh the Octopode Transmuter began the quest for the Orb.
     0 | D:1      | Reached XP level 1. HP: 13/13 MP: 3/3
    32 | D:1      | Reached XP level 2. HP: 12/19 MP: 5/5
   397 | D:1      | Reached XP level 3. HP: 25/25 MP: 4/6
   465 | D:1      | Found a faded altar of an unknown god.
   862 | D:2      | Found a hide-covered altar of Uskayaw.
   873 | D:2      | Identified a scroll of acquirement
   873 | D:2      | Acquired 858 gold pieces
  1526 | D:2      | Reached XP level 4. HP: 33/33 MP: 5/7
  2699 | D:3      | Reached XP level 5. HP: 30/38 MP: 8/8
  3045 | D:3      | Noticed a phantom
  3117 | D:4      | Noticed Eustachio
  3156 | D:3      | Learned a level 2 spell: Wereblood
  3160 | D:3      | Learned a level 3 spell: Spider Form
  3451 | D:4      | Found a burning altar of Makhleb.
  3748 | D:5      | Entered Level 5 of the Dungeon
  3860 | D:5      | Reached skill level 3 in Transmutations
  3939 | D:5      | Reached XP level 6. HP: 41/45 MP: 7/9
  3962 | D:5      | Found a runed translucent gate.
  3962 | D:5      | Found a runed translucent gate.
  3962 | D:5      | Found a runed translucent gate.
  3969 | D:5      | Noticed buhh's ghost (novice OpTm)
  4002 | D:5      | Reached skill level 4 in Transmutations
  4220 | D:5      | Noticed Prince Ribbit
  4230 | D:5      | Killed Prince Ribbit
  4231 | D:5      | Reached skill level 5 in Transmutations
  4231 | D:5      | Reached XP level 7. HP: 21/50 MP: 5/10
  5160 | D:6      | You fall into a shaft and drop 2 floors!
  5178 | D:8      | Noticed a yak
  5229 | D:8      | Noticed a yak
  5232 | D:8      | Noticed a yak
  5233 | D:8      | Noticed a yak
  5234 | D:8      | Killed a yak
  5235 | D:8      | Reached skill level 6 in Transmutations
  5250 | D:8      | Noticed a yak
  5251 | D:8      | Noticed a yak
  5254 | D:8      | Killed a yak
  5255 | D:8      | Reached skill level 7 in Transmutations
  5266 | D:8      | Killed a yak
  5267 | D:8      | Reached XP level 8. HP: 18/55 MP: 7/11
  5276 | D:8      | Slain by a yak

Illustrated notes

Levels and vault maps discovered:
D:1:      minmay_arrival_shattered_statue, layout_rooms,
          hellmonk_ecumenical_altar_pennies_from_heaven, minmay_tetromino_t2
D:2:      layout_basic, basic_altar, kennysheep_generic_room_13
D:3:      layout_loops_cross, serial_park_tiny_1, chequers_serial_rivers_large_b
D:4:      layout_basic, mainiacjoe_overflow_paths, serial_corexii_hall,
          chequers_hall_statues_y, chequers_hall_statues_wall_a, uniq_eustachio
D:5:      layout_loops_ring, gammafunk_ghost_necromancy, uniq_prince_ribbit1
D:6:      layout_loops_corners, minmay_temple_entry_proselytizer
D:8:      layout_layer_cave, kennysheep_cross_room, st_stairs_14

Skill      XL: |  1  2  3  4  5  6  7 |
---------------+----------------------+-----
Stealth        | 1 |  1.0
Fighting       | 2 3 4 5 |  5.0
Transmutations | 3 5 7 |  7.8
Poison Magic   | 1 |  1.0
Dodging        | |  2.0
Unarmed Combat | |  3.0
Spellcasting   | |  2.0

Action                   |  1- 3 |  4- 6 |  7- 9 || total
-------------------------+-------+-------+-------++-------
Melee: Unarmed           |    76 |   100 |    38 ||   214
       Kick              |    26 |    26 |     6 ||    58
       Constrict         |    23 |    27 |     3 ||    53
       Tentacles         |    12 |    25 |     1 ||    38
       Punch             |     4 |     1 |       ||     5
 Cast: Beastly Appendage |    18 |    29 |     2 ||    49
       Spider Form       |       |       |     3 ||     3
       Wereblood         |       |       |     2 ||     2
  Use: Scroll            |     2 |     1 |     3 ||     6
 Stab: Sleeping          |     7 |     5 |     1 ||    13
Armor: Skin              |     4 |     5 |     2 ||    11
Dodge: Dodged            |    40 |    48 |    22 ||   110
